 Dungeon Crawl Stone Soup version 0.25.1-1-g288607f (webtiles) character file.

Game seed: 9472290719943186137

4881 HanlonsRazors the Cruncher (level 10, -8/76 HPs)
             Began as a Demonspawn Gladiator on Sept 29, 2020.
             Was an Elder of Okawaru.
             Mangled by Erica
             ... wielding the +5 demon trident of Watchfulness {elec, rPois rF+ rN+ Int-3}
              (9 damage)
             ... on level 9 of the Dungeon.
             The game lasted 00:33:47 (10474 turns).

HanlonsRazors the Cruncher (Demonspawn Gladiator)  Turns: 10474, Time: 00:33:50

Health: -8/76      AC: 11    Str: 14 (17) XL:     10   Next: 26%
Magic:  14/14      EV: 11    Int: 10 (11) God:    Okawaru [****..]
Gold:   477        SH:  0    Dex: 11 (14) Spells: 9/9 levels left

rFire    . . .     SeeInvis .   a - +0 quarterstaff
rCold    . . .     Gourm    .   (shield currently unavailable)
rNeg     . . .     Faith    .   v - +0 ring mail
rPois    .         Spirit   .   (helmet unavailable)
rElec    .         Reflect  .   y - +0 cloak
rCorr    .         Harm     .   e - +0 pair of gloves
MR       +....                  (no boots)
Stlth    +.........             (no amulet)
HPRegen  0.22/turn              K - ring of protection from magic
MPRegen  0.14/turn              (no ring)

@: lethally poisoned (-8 -> -15)
A: horns 3, slimy green scales 2, rot immunity
a: Heroism, Renounce Religion


You were on level 9 of the Dungeon.
You worshipped Okawaru.
Okawaru was greatly pleased with you.
You were hungry.

You visited 2 branches of the dungeon, and saw 10 of its levels.

You collected 477 gold pieces.

Inventory:

Hand Weapons
 a - a +0 quarterstaff (weapon)
 B - a +0 hunting sling
Missiles
 d - a throwing net
 g - 10 boomerangs
 i - 55 poisoned darts (quivered)
 l - 214 stones
 F - 3 boomerangs of dispersal
 G - 5 atropa-tipped darts
Armour
 b - a +0 leather armour
 c - a +0 chain mail
 e - a +0 pair of gloves (worn)
 k - a +0 scale mail
 p - a +1 robe of positive energy
 v - a +0 ring mail (worn)
 y - a +0 cloak (worn)
 D - a +0 plate armour
 M - a +0 kite shield
 N - a +0 buckler
Jewellery
 n - an uncursed amulet of regeneration
 t - an uncursed ring of fire
 K - a ring of protection from magic (left hand)
 P - an uncursed amulet of magic regeneration {unknown}
Wands
 Q - a wand of iceblast (9)
 R - a wand of polymorph (11)
Scrolls
 h - 8 scrolls of identify
 j - a scroll of teleportation
 o - a scroll of amnesia {unknown}
 q - 6 scrolls of remove curse
 C - 2 scrolls of noise {unknown}
 E - 3 scrolls of enchant weapon {unknown}
 H - a scroll of fear {unknown}
 I - a scroll of immolation {unknown}
 J - 2 scrolls of summoning {unknown}
 O - a scroll of magic mapping {unknown}
 T - a scroll of fog
Potions
 m - a potion of haste
 r - 2 potions of heal wounds {unknown}
 s - a potion of might {unknown}
 u - 2 potions of lignification {unknown}
 w - a potion of stabbing {unknown}
 x - a potion of flight {unknown}
 z - a potion of degeneration
 A - a potion of invisibility {unknown}
 L - a potion of resistance {unknown}
Comestibles
 f - 28 rations


   Skills:
 + Level 6.3 Fighting
 + Level 11.0 Staves
 - Level 1.7 Throwing
 - Level 5.0 Armour
 - Level 3.0 Dodging
 - Level 5.9 Invocations


You had 9 spell levels left.
You didn't know any spells.
Your spell library contained the following spells:

 Spells                   Type           Power        Failure   Level  Hunger
 Shock                    Conj/Air       #...         58%         1    ##.....
 Swiftness                Chrm/Air       #.......     73%         2    ###....
 Confusing Touch          Hex            #.......     91%         3    ####...
 Gell's Gravitas          Tloc           #.........   91%         3    ####...
 Static Discharge         Conj/Air       #.......     91%         3    ####...
 Airstrike                Air            #.........   100%        4    #####..
 Petrify                  Tmut/Erth      #.......     100%        4    #####..
 Lightning Bolt           Conj/Air       #.........   100%        5    ######.
 Metabolic Englaciation   Hex/Ice        #.........   100%        5    ######.
 Yara's Violent Unravell  Hex/Tmut       #.........   100%        5    ######.


Dungeon Overview and Level Annotations

Branches:
Dungeon (9/15)             Temple (1/1) D:4
   Lair: D:8-11         Orc: D:9-12

Altars:
Cheibriados
Dithmenos
Fedhas
Gozag
Makhleb
Nemelex Xobeh
Okawaru
Ru
Sif Muna
Trog
Uskayaw
Vehumet
Xom
Yredelemnul

Shops:
D:4 [

Annotations:
D:9 Erica, Maggie


Innate Abilities, Weirdness & Mutations

You have a pair of large horns on your head.
You are mostly covered in slimy green scales. (AC +3)
You are immune to rotting.


Message History

Something hits you but does no damage.
You are electrocuted!!
The killer bee zombie barely misses you.
The killer bee zombie barely misses you.
Something hits you.
You hear some strange, mumbled words.
A bolt of poison appears from out of thin air!
The bolt of poison hits the killer bee zombie.
The killer bee zombie completely resists.
The bolt of poison hits you!!
You are poisoned.
* * * LOW HITPOINT WARNING * * *
The killer bee zombie barely misses you.
It was a potion of degeneration.
There was something very wrong with that liquid.
You feel weakened.
You feel dopey.
You feel clumsy.
* * * LOW HITPOINT WARNING * * *
You feel sick.
The killer bee zombie hits you but does no damage. x2
Something hits you!
You die...

+###.###########........
.....#.........#.......>
.....'.........#........
.....#.........#.#####..
.....#.........#.# .
##...####......#.#
#......#......#.#
#......#......#Z#
#......#......#@#
##......####...#.#
...........#...#.#
...>.......#...#..
..####.....#####.. ..+
...... .... ### .....
.... # .. ..... #


You could see a killer bee zombie.

Vanquished Creatures
  Psyche (D:9)
  A hippogriff (D:7)
  8 yaks (D:9)
  A water moccasin (D:6)
  Duvessa (D:5)
  An orc warrior (D:6)
  2 sky beasts
  A black bear (D:5)
  An ice beast (D:7)
  3 ogres
  3 centaurs
  3 bullfrogs
  A big kobold (D:8)
  Dowan (D:5)
  4 killer bees (D:8)
  3 howler monkeys (D:7)
  4 crimson imps
  A bullfrog zombie (D:6)
  3 centaur skeletons
  5 hounds
  2 jellies
  A bullfrog skeleton (D:9)
  A gnoll shaman (D:9)
  3 orc priests (D:4)
  3 orc wizards
  Jessica (D:3)
  2 worker ants
  Natasha (D:3)
  2 iguanas
  2 hound zombies
  A hound skeleton (D:6)
  9 gnolls
  13 adders
  A shadow imp (D:5)
  3 oozes
  An adder skeleton (D:4)
  3 worms
  3 dart slugs
  2 leopard geckos
  17 orcs
  7 bats
  4 giant cockroaches
  8 goblins
  5 hobgoblins
  3 jackals
  5 quokkas
  A ball python (D:2)
  5 frilled lizards
  A jackal zombie (D:5)
  11 kobolds
  7 rats
  A bush (D:7)
177 creatures vanquished.

Vanquished Creatures (others)
  A bush (D:7)
1 creature vanquished.

Grand Total: 178 creatures vanquished

Notes
Turn   | Place    | Note
-------+----------+-------------------------------------------
     0 | D:1      | HanlonsRazors the Demonspawn Gladiator began the quest for
                  | the Orb.
     0 | D:1      | Reached XP level 1. HP: 16/16 MP: 1/1
   173 | D:1      | Gained mutation: You are partially covered in slimy green
                  | scales. (AC +2) [demonic ancestry]
   173 | D:1      | Reached XP level 2. HP: 21/22 MP: 2/2
   220 | D:1      | Reached skill level 3 in Staves
   458 | D:1      | Gained mutation: You have a pair of small horns on your
                  | head. [demonic ancestry]
   458 | D:1      | Reached XP level 3. HP: 28/28 MP: 3/3
  1077 | D:2      | Gained mutation: You have a pair of horns on your head.
                  | [demonic ancestry]
  1077 | D:2      | Reached XP level 4. HP: 34/35 MP: 4/4
  1410 | D:2      | Reached skill level 4 in Staves
  1643 | D:2      | Reached XP level 5. HP: 34/42 MP: 5/5
  2259 | D:3      | Noticed Jessica
  2265 | D:3      | Killed Jessica
  2406 | D:3      | Reached skill level 1 in Armour
  2483 | D:3      | Noticed Natasha
  2501 | D:3      | Killed Natasha
  2625 | D:3      | Found a shimmering altar of Xom.
  2640 | D:3      | Found a bloodstained altar of Trog.
  2862 | D:4      | Gained mutation: You are mostly covered in slimy green
                  | scales. (AC +3) [demonic ancestry]
  2862 | D:4      | Reached XP level 6. HP: 47/48 MP: 6/6
  3200 | D:4      | Found Piutrig's Antique Armour Shop.
  3329 | D:4      | Found a staircase to the Ecumenical Temple.
  3350 | Temple   | Entered the Ecumenical Temple
  3410 | Temple   | Became a worshipper of Warmaster Okawaru
  3907 | D:5      | Entered Level 5 of the Dungeon
  4070 | D:5      | Reached skill level 5 in Fighting
  4070 | D:5      | Reached skill level 5 in Staves
  4070 | D:5      | Reached XP level 7. HP: 56/56 MP: 7/7
  4082 | D:5      | Found a sacrificial altar of Ru.
  4414 | D:5      | Noticed Dowan
  4415 | D:5      | Noticed Duvessa
  4457 | D:5      | Killed Duvessa
  4457 | D:5      | Reached * piety under Okawaru
  4474 | D:5      | Killed Dowan
  4804 | D:5      | Reached skill level 5 in Armour
  4969 | D:6      | Gained mutation: You have a pair of large horns on your
                  | head. [demonic ancestry]
  4969 | D:6      | Reached XP level 8. HP: 18/62 MP: 8/8
  5068 | D:6      | Reached skill level 6 in Staves
  5959 | D:6      | Reached skill level 7 in Staves
  6194 | D:7      | Noticed a hippogriff
  6201 | D:7      | Killed a hippogriff
  6201 | D:7      | Reached ** piety under Okawaru
  6283 | D:7      | Reached skill level 8 in Staves
  6487 | D:7      | Reached XP level 9. HP: 68/68 MP: 9/9
  6542 | D:7      | Reached skill level 9 in Staves
  7279 | D:7      | Found a blossoming altar of Fedhas.
  7361 | D:7      | Found a sparkling altar of Nemelex Xobeh.
  7675 | D:8      | Reached skill level 1 in Invocations
  7934 | D:8      | Found a sacrificial altar of Ru.
  8008 | D:8      | Reached *** piety under Okawaru
  8404 | D:8      | Reached skill level 10 in Staves
  9461 | D:9      | Noticed Psyche
  9486 | D:9      | Killed Psyche
  9486 | D:9      | Reached skill level 5 in Invocations
  9630 | D:9      | Noticed Maggie
 10094 | D:9      | Gained mutation: You are immune to rotting. [demonic
                  | ancestry]
 10094 | D:9      | Reached XP level 10. HP: 74/74 MP: 14/14
 10109 | D:9      | Reached **** piety under Okawaru
 10291 | D:9      | Reached skill level 11 in Staves
 10450 | D:9      | Identified the +5 demon trident of Watchfulness {elec,
                  | rPois rF+ rN+ Int-3}
 10450 | D:9      | Noticed Erica
 10473 | D:9      | HP: 3/76 [something/bolt of poison (22)]
 10474 | D:9      | HP: 1/76 [poisoned by Erica (bolt of poison)]
 10474 | D:9      | Mangled by Erica

Illustrated notes

Levels and vault maps discovered:
D:1:      tarquinn_simple_flora_water_b, layout_rooms, minmay_misc_feat_rows
D:2:      layout_basic, first_ration, minmay_joined_circles
D:3:      layout_rooms, lemuel_doored_altar, lemuel_tele_altar, uniq_jessica,
          uniq_natasha
D:4:      layout_basic, minmay_temple_entry_mist, serial_shops, shop,
          hangedman_feature_mirror, kennysheep_generic_room_16
D:5:      black_bear_nest_1, layout_loops_ring, nicolae_ru_sacrificial_ziggurat,
          uniq_duvessa
D:6:      layout_loops_ring, grunt_tough_drop
D:7:      layout_loops_ring, nemelex_xobeh_ov_fountains_minmay,
          minmay_hedge_maze, fedhas_bush_and_centaur_altar
D:8:      layout_loops_ring, nicolae_overflow_hidden_temple, grunt_ogre_cave,
          kennysheep_generic_room_9
D:9:      layout_irregular_city, minmay_radiant, uniq_joseph, uniq_psyche,
          uniq_maggie, uniq_erica
Temple:   regret_index_temple_mists

Skill      XL: |  1  2  3  4  5  6  7  8  9 10 |
---------------+-------------------------------+-----
Staves         | 3 4 5 8 10 11 | 11.0
Dodging        | 3 |  3.0
Fighting       | 3 4 5 6 |  6.3
Armour         | 1 2 5 |  5.0
Invocations    | 5 |  5.9
Throwing       | |  1.7

Action                   |  1- 3 |  4- 6 |  7- 9 | 10-12 || total
-------------------------+-------+-------+-------+-------++-------
Melee: Quarterstaff      |    78 |   184 |   447 |    46 ||   755
       Headbutt          |     9 |    28 |    91 |    10 ||   138
Throw: Throwing net      |     2 |       |     7 |       ||     9
       Dart              |       |       |    14 |    17 ||    31
  Use: Scroll            |       |     1 |     6 |     1 ||     8
       Potion            |       |       |     6 |     1 ||     7
 Stab: Held in net/web   |     1 |       |     4 |       ||     5
  Eat: Chunk             |       |    10 |    13 |       ||    23
       Ration            |       |       |     2 |       ||     2
Armor: Leather armour    |    27 |    18 |       |       ||    45
       Ring mail         |       |    55 |   193 |    12 ||   260
Dodge: Dodged            |    58 |   144 |   304 |    26 ||   532
